AoeStats
← HJ007

Arena

508245385Analyzed
3v3 RM · 10d ago on Sep 21, 2026· 63m 0s· 6 players
Game mode
Random Map
Map size
Normal (6 player)
Population
200
Speed
Normal
Resources
Standard
Victory
Conquest
Starting age
Dark Age
Ending age
Imperial Age
RankedLock teamsTeams togetherTeam positionsShared explorationLock speedFull tech treeHidden civsTurbo modeCheats
Victory
Defeat
🇵🇾 Teutons · Paraguay
1159
+14
🇨🇿 Byzantines · Czechia
1122
+15
🇩🇪 Persians · Germany
1101
+16
🇨🇳 Jurchens · China
1193
-19
🇨🇳 Goths · China
1138
-16
🇨🇳 Huns · China
984
-10
Jampud
10:20 Feudal Age
14:16 Castle Age
12:24 Double-Bit Axe
12:27 Horse Collar
13:38 Gold Mining
15:42 Bow Saw
18:55 Fervor
19:04 Heavy Plow
20:53 Wheelbarrow
20:37 Husbandry
22:43 Scale Barding Armor
23:33 Hand Cart
29:33 Imperial Age
26:53 Loom
27:07 Stone Mining
27:50 Ballistics
27:29 Fletching
27:39 Padded Archer Armor
27:21 Elite Skirmisher
28:26 Thumb Ring
28:39 Scale Barding Armor
30:31 Chain Barding Armor
30:22 Forging
31:27 Chemistry
32:13 Plate Barding Armor
31:08 Heavy Camel Rider
32:46 Iron Casting
33:01 Conscription
33:47 Gold Shaft Mining
34:18 Bodkin Arrow
35:08 Bracer
34:54 Treadmill Crane
35:10 Murder Holes
36:25 Logistica
40:29 Leather Archer Armor
41:28 Stone Shaft Mining
41:56 Two-Man Saw
41:42 Guilds
44:05 Elite Cataphract
47:57 Ring Archer Armor
55:34 Pikeman
56:18 Scale Mail Armor
55:53 Light Cavalry
57:18 Halberdier
58:00 Squires
57:47 Arson
58:21 Chain Mail Armor
57:46 Hussar
59:37 Plate Mail Armor
61:48 Bombard Tower
61:32 Greek Fire
Iribaar
10:06 Feudal Age
14:07 Castle Age
11:56 Double-Bit Axe
12:29 Horse Collar
15:04 Bow Saw
19:12 Wheelbarrow
19:03 Heavy Plow
19:30 Gold Mining
20:46 Town Watch
20:58 Loom
26:55 Imperial Age
25:38 Gold Shaft Mining
27:07 Scale Barding Armor
27:13 Forging
26:54 Fletching
27:20 Husbandry
27:30 Bloodlines
28:15 Chain Barding Armor
28:24 Stone Mining
29:49 Stone Shaft Mining
29:54 Iron Casting
28:42 Cavalier
29:49 Hand Cart
31:22 Town Patrol
32:01 Plate Barding Armor
32:26 Blast Furnace
31:22 Bodkin Arrow
31:54 Murder Holes
32:20 Ballistics
33:00 Chemistry
32:16 Savar
34:29 Conscription
36:44 Hoardings
37:19 Light Cavalry
38:51 Crossbowman
39:37 Thumb Ring
39:33 Padded Archer Armor
39:45 Masonry
40:30 Citadels
41:28 Kamandaran
43:28 Hussar
53:15 Caravan
55:25 Architecture
55:21 Leather Archer Armor
61:13 Two-Man Saw
60:44 Crop Rotation
60:38 Guilds
60:02 Elite Skirmisher
1811.RJ
10:43 Feudal Age
14:55 Castle Age
13:21 Double-Bit Axe
13:18 Horse Collar
13:56 Stone Mining
14:14 Fletching
14:22 Gold Mining
16:07 Loom
20:02 Bow Saw
21:18 Wheelbarrow
20:29 Town Watch
22:44 Heavy Plow
24:43 Hand Cart
28:46 Imperial Age
26:12 Pikeman
26:53 Squires
27:53 Scale Mail Armor
28:03 Forging
29:18 Chain Mail Armor
28:52 Halberdier
30:08 Iron Casting
28:59 Onager
31:54 Heavy Scorpion
32:32 Gambesons
32:08 Man-at-Arms
34:00 Long Swordsman
35:12 Plate Mail Armor
35:42 Blast Furnace
35:54 Bloodlines
35:32 Two-Handed Swordsman
37:32 Champion
45:06 Bodkin Arrow
47:47 Ballistics
48:28 Chemistry
56:18 Cavalier
57:04 Scale Barding Armor
60:15 Conscription
60:16 Chain Barding Armor
61:01 Crenellations
BIN009
10:16 Feudal Age
14:14 Castle Age
12:28 Double-Bit Axe
12:26 Horse Collar
16:43 Bow Saw
17:47 Heavy Plow
21:49 Wheelbarrow
21:04 Loom
21:10 Town Watch
21:41 Gold Mining
23:08 Hand Cart
23:53 Stone Mining
28:29 Imperial Age
27:17 Scale Mail Armor
27:27 Forging
27:16 Fletching
27:17 Arson
27:18 Gambesons
27:33 Squires
27:49 Squires
27:34 Gambesons
28:34 Chain Mail Armor
28:53 Ballistics
28:43 Masonry
28:43 Siege Engineers
29:43 Iron Casting
30:19 Chemistry
30:39 Conscription
29:52 Elite Fire Lancer
30:58 Bodkin Arrow
31:54 Pikeman
35:26 Blast Furnace
34:27 Bracer
35:36 Town Patrol
37:44 Architecture
37:11 Murder Holes
38:17 Scale Barding Armor
38:40 Padded Archer Armor
39:49 Husbandry
40:05 Bloodlines
39:26 Elite Steppe Lancer
40:32 Chain Barding Armor
42:29 Plate Barding Armor
44:19 Fortified Wall
43:55 Arrowslits
50:27 Leather Archer Armor
50:45 Elite Iron Pagoda
50:53 Elite Iron Pagoda
51:36 Fortified Bastions
51:14 Light Cavalry
53:05 Hoardings
53:09 Crop Rotation
59:44 Hussar
LELE567
10:58 Feudal Age
17:25 Castle Age
16:40 Horse Collar
16:47 Double-Bit Axe
18:52 Wheelbarrow
18:12 Arson
18:27 Squires
20:14 Bow Saw
29:15 Imperial Age
27:18 Scale Barding Armor
27:28 Stone Mining
28:23 Marauders
28:34 Heavy Plow
30:16 Forging
30:28 Chain Barding Armor
31:18 Two-Man Saw
30:28 Scale Mail Armor
31:44 Chemistry
31:09 Husbandry
32:34 Bloodlines
32:47 Hand Cart
35:19 Plate Barding Armor
35:20 Iron Casting
35:04 Chain Mail Armor
34:25 Elite Tarkan
36:30 Ballistics
36:21 Masonry
35:42 Pikeman
38:31 Blast Furnace
37:21 Fletching
39:14 Halberdier
45:29 Light Cavalry
49:05 Hussar
HJ007
10:53 Feudal Age
12:37 Loom
14:56 Castle Age
13:30 Double-Bit Axe
13:29 Horse Collar
13:56 Stone Mining
16:06 Bow Saw
18:12 Heavy Plow
23:52 Wheelbarrow
29:42 Imperial Age
27:29 Hand Cart
27:34 Scale Mail Armor
27:46 Forging
27:57 Town Watch
28:32 Chain Mail Armor
28:47 Town Patrol
31:05 Iron Casting
30:22 Fletching
31:49 Conscription
31:31 Perfusion
32:05 Squires
31:26 Pikeman
33:49 Two-Man Saw
33:23 Crop Rotation
34:03 Chemistry
33:25 Ballistics
33:01 Murder Holes
33:18 Masonry
34:18 Blast Furnace
33:17 Bodkin Arrow
33:59 Anarchy
34:25 Elite Huskarl
35:18 Gold Mining
36:04 Stone Shaft Mining
36:32 Bracer
36:20 Halberdier
39:57 Man-at-Arms
40:13 Long Swordsman
40:57 Padded Archer Armor
40:36 Two-Handed Swordsman
41:06 Champion
44:46 Architecture
Connection lost

Rejoining the realm…

Still unreachable

The connection could not be restored.

Session expired

The server has moved on; the page needs a fresh start.